 Dungeon Crawl Stone Soup version 0.26-a0-1205-g4083c211ab (webtiles) character file.

Game seed: 2243731891633905349

6 vvl the Magician (level 1, -5/13 HPs)
             Began as a Demonspawn Hedge Wizard on Dec 30, 2020.
             Killed from afar by a dart slug (6 damage)
             ... with a slug dart
             ... on level 1 of the Dungeon.
             The game lasted 00:02:33 (150 turns).

vvl the Magician (Demonspawn Hedge Wizard)           Turns: 150, Time: 00:02:34

Health: -5/13      AC:  3    Str: 10    XL:     1   Next: 75%
Magic:  3/4        EV: 11    Int: 15    God:
Gold:   30         SH:  0    Dex: 12    Spells: 5/6 levels left

rFire    . . .     SeeInvis .   f - +1 spear (venom)
rCold    . . .     Faith    .   (no shield)
rNeg     . . .     Spirit   .   e - +0 leather armour
rPois    .         Reflect  .   c - +0 hat
rElec    .         Harm     .   (no cloak)
rCorr    .         Rampage  .   (no gloves)
Will     .....                  (no boots)
Stlth    ++........             (no amulet)
HPRegen  0.04/turn              (no ring)
MPRegen  0.09/turn              (no ring)

@: no status effects
A: no striking features
a: no special abilities


You were on level 1 of the Dungeon.
You visited 1 branch of the dungeon, and saw 1 of its levels.

You collected 30 gold pieces.

Inventory:

Hand Weapons
 a - a +0 dagger
 f - a +1 spear of venom (weapon)
Armour
 c - a +0 hat (worn)
 e - a +0 leather armour (worn)
Potions
 b - a potion of brilliance {unknown}
 d - a potion of flight {unknown}


   Skills:
 + Level 0.1 Armour
 + Level 1.8 Dodging
 - Level 1.7 Stealth
 + Level 3.0 Spellcasting
 + Level 1.1 Conjurations
 - Level 1.0 Summonings
 * Level 0.6 Necromancy
 + Level 1.0 Translocations
 + Level 0.4 Invocations


You had 5 spell levels left.
You knew the following spells:

 Your Spells              Type           Power        Failure   Level
a - Magic Dart            Conj           20%          17%         1

Your spell library contained the following spells:

 Spells                   Type           Power        Failure   Level
 Blink                    Tloc           N/A          26%         2
 Call Imp                 Summ           5%           26%         2
 Slow                     Hex            2%           38%         2
 Conjure Flame            Conj/Fire      3%           54%         3
 Mephitic Cloud           Conj/Pois/Air  3%           56%         3


Dungeon Overview and Level Annotations

Branches:
Dungeon (1/15)

Altars:


Message History

Press: ? - help, Q - select action Shift-Dir - straight line, f - dart slug
Aim: a dart slug (0% to evade)
The magic dart hits the jackal.
The jackal is almost dead.
The jackal closely misses you. The jackal barely misses you.
You hit the jackal.
You kill the jackal!
The dart slug launches a dart at you. The slug dart hits you.
* * * LOW HITPOINT WARNING * * *
You see here a jackal corpse.
You hit the dart slug but do no damage.
The dart slug is poisoned.
The dart slug launches a dart at you. The slug dart hits you.
* * * LOW HITPOINT WARNING * * *
You hit the dart slug but do no damage.
The dart slug looks even sicker.
The dart slug is lightly wounded.
The dart slug launches a dart at you. The slug dart hits you.
You die...

#.# ##.# ## ..!
..# ..# #.#
#.###.####
#.##.....#
#.##..##.#
#w.....#.#
#@##...#.#
#.##.....#
#.####..## #.#
#..# ..# #..# #
..#########..#
#.#............#
#...#########..#
####.# #..#


You could see a dart slug (very poisoned).

Vanquished Creatures
  A hobgoblin (D:1)
  2 jackals (D:1)
  2 bats (D:1)
5 creatures vanquished.

Notes
Turn   | Place    | Note
-------+----------+-------------------------------------------
     0 | D:1      | vvl the Demonspawn Hedge Wizard began the quest for the
                  | Orb.
     0 | D:1      | Reached XP level 1. HP: 13/13 MP: 4/4
   142 | D:1      | Reached skill level 1 in Translocations
   150 | D:1      | Killed from afar by a dart slug

Illustrated notes

Levels and vault maps discovered:
D:1:      onia_arrival_pentagram, layout_loops_ring

Skill      XL: |  1 |
---------------+----+-----
Translocations | 1 |  1.0
Armour         | |  0.1
Dodging        | |  1.8
Stealth        | |  1.7
Spellcasting   | |  3.0
Conjurations   | |  1.1
Summonings     | |  1.0
Necromancy     | |  0.6
Invocations    | |  0.4

Action                   || total
-------------------------++-------
Melee: Dagger            ||    12
       Spear             ||     9
 Cast: Magic Dart        ||     1
 Stab: Sleeping          ||     1
Armor: Leather armour    ||     7
Dodge: Dodged            ||    20

Table legend: (Time is in decaauts)
 A = Elapsed time spent in this place.
 B = Non-inter-level travel time spent in this place.
 C = Inter-level travel time spent in this place.
 D = Time resting spent in this place.
 E = Time spent auto-exploring this place.
 F = Levels seen in this place.
 G = Mean time per level.
                   A        B        C        D        E       F      G
               +--------+--------+--------+--------+--------+-----+--------+
         Total |    150 |    147 |      3 |      0 |     86 |   1 |  150.0 |
       Dungeon |    150 |    147 |      3 |      0 |     86 |   1 |  150.0 |
               +--------+--------+--------+--------+--------+-----+--------+

Top non-repeatable levels by time:
     D:1: 150 daAuts
